AoeStats
← NuMa | Jomaro

Nomad

508974682Analyzed
4v4 RM · 9d ago on Sep 24, 2026· 50m 38s· 8 players
Game mode
Random Map
Map size
231×231
Population
200
Speed
Normal
Resources
Standard
Victory
Conquest
Starting age
Dark Age
Ending age
Imperial Age
RankedLock teamsTeams togetherTeam positionsShared explorationLock speedFull tech treeHidden civsTurbo modeCheats
Victory
Defeat
🇵🇹 Teutons · Portugal
1383
+18
🇨🇱 Dravidians · Chile
1379
+18
🇺🇸 Berbers · United States
1360
+19
🇨🇱 Hindustanis · Chile
1357
+19
🇨🇴 Persians · Colombia
1515
-22
🇨🇴 Spanish · Colombia
1452
-20
🇨🇴 Wu · Colombia
1416
-18
🇨🇴 Vietnamese · Colombia
1323
-14
LaPosta
3:14 Loom
13:36 Feudal Age
14:05 Double-Bit Axe
15:44 Fishing Lines
19:18 Castle Age
18:53 Bloodlines
19:21 Light Cavalry
22:48 Gillnets
23:36 Husbandry
25:27 Scale Barding Armor
27:24 Forging
28:38 Wheelbarrow
27:48 Town Watch
29:54 Town Watch
31:34 Chain Barding Armor
32:38 Scale Mail Armor
33:14 Iron Casting
33:28 Fletching
36:21 Horse Collar
41:50 Imperial Age
40:12 Chain Mail Armor
40:31 Bow Saw
40:17 Gold Mining
41:12 Heavy Plow
42:23 Hand Cart
43:01 Conscription
43:00 Heavy Camel Rider
47:24 Chemistry
48:03 Blast Furnace
47:35 Grand Trunk Road
47:39 Imperial Camel Rider
48:48 Stone Mining
49:33 Gold Shaft Mining
49:29 Siege Engineers
50:05 Plate Barding Armor
49:42 Hussar
51:16 Stone Shaft Mining
mikeymazko
5:06 Loom
12:03 Feudal Age
12:36 Double-Bit Axe
12:34 Fishing Lines
18:37 Castle Age
19:42 Bow Saw
19:42 Scale Barding Armor
20:14 Wheelbarrow
19:31 Town Watch
20:23 Wheelbarrow
20:08 Gillnets
21:06 Chain Barding Armor
21:27 Bloodlines
26:09 Horse Collar
28:13 Forging
28:12 Husbandry
29:14 Heavy Plow
29:16 Gold Mining
30:05 Stone Mining
32:49 Hand Cart
34:48 Fletching
35:34 Iron Casting
38:00 Imperial Age
36:39 Gold Shaft Mining
37:06 Stone Shaft Mining
36:48 Herbal Medicine
38:11 Bodkin Arrow
38:17 Scale Mail Armor
38:00 Treadmill Crane
38:41 Ballistics
39:38 Crop Rotation
38:36 Cavalier
40:20 Blast Furnace
40:00 Thumb Ring
40:35 Bracer
41:25 Conscription
40:57 Heavy Camel Rider
42:30 Plate Barding Armor
41:25 Elite Camel Archer
42:08 Padded Archer Armor
43:41 Chemistry
43:14 Careening
43:16 Siege Engineers
43:32 Masonry
45:50 Leather Archer Armor
48:38 Hoardings
51:25 Ring Archer Armor
hotshotgg
4:53 Loom
13:35 Feudal Age
14:07 Double-Bit Axe
23:43 Castle Age
22:21 Horse Collar
24:52 Bow Saw
29:48 Heavy Plow
31:05 Gold Mining
34:57 Imperial Age
33:09 Wheelbarrow
32:55 Scale Mail Armor
33:48 Forging
35:02 Hand Cart
35:01 Onager
37:04 Chemistry
35:50 Pikeman
36:31 Squires
36:16 Arson
36:16 Gambesons
36:53 Halberdier
38:19 Conscription
38:49 Siege Onager
41:35 Chain Mail Armor
41:56 Iron Casting
42:37 Siege Engineers
43:55 Plate Mail Armor
43:52 Ironclad
45:40 Blast Furnace
46:30 Fletching
47:03 Ballistics
46:54 Masonry
47:10 Elite Teutonic Knight
50:15 Bodkin Arrow
51:27 Two-Man Saw
51:04 Crop Rotation
jf_Kratos
5:09 Loom
13:41 Feudal Age
16:13 Double-Bit Axe
30:45 Castle Age
35:18 Gold Mining
36:56 Horse Collar
39:27 Wheelbarrow
41:38 Heavy Plow
43:08 Bow Saw
42:50 Stone Mining
43:19 Town Watch
48:40 Fletching
48:51 Padded Archer Armor
49:05 Thumb Ring
49:47 Bodkin Arrow
49:55 Husbandry
50:53 Leather Archer Armor
NuMa | Ezio
5:12 Loom
15:03 Feudal Age
15:10 Feudal Age
16:08 Town Watch
19:36 Castle Age
18:11 Double-Bit Axe
21:02 Wheelbarrow
20:40 Fishing Lines
22:03 Horse Collar
25:34 Fervor
26:23 Bow Saw
27:10 Heavy Plow
27:50 Scale Mail Armor
28:12 Pikeman
30:00 Forging
30:20 Gold Mining
31:28 Chain Mail Armor
31:29 Squires
31:14 Arson
36:11 Imperial Age
35:40 Iron Casting
35:58 Fletching
37:12 Gold Shaft Mining
36:22 Halberdier
37:57 Plate Mail Armor
39:04 Chemistry
38:24 Ballistics
39:25 Blast Furnace
38:42 Bodkin Arrow
45:13 Blast Furnace
46:54 Arson
NuMa | Jomaro
7:25 Loom
14:21 Feudal Age
14:58 Fishing Lines
20:34 Castle Age
18:50 Stone Mining
26:33 Gold Mining
28:13 Gillnets
29:28 Pikeman
30:13 Squires
30:01 Arson
37:25 Scale Mail Armor
37:37 Forging
37:45 Double-Bit Axe
40:05 Bow Saw
48:12 Imperial Age
52:04 Imperial Age
TILIN2.0
5:10 Loom
17:08 Feudal Age
20:05 Wheelbarrow
22:57 Scale Mail Armor
37:50 Castle Age
35:52 Double-Bit Axe
38:59 Bow Saw
38:59 Fishing Lines
NuMa | Maurofarfan01
4:14 Loom
13:46 Feudal Age
14:06 Double-Bit Axe
17:40 Fletching
24:32 Castle Age
25:13 Medium Warships
25:01 Bodkin Arrow
29:14 Horse Collar
29:45 Bow Saw
30:12 Wheelbarrow
36:15 Imperial Age
36:39 Scale Barding Armor
36:15 Cavalier
37:33 Forging
37:45 Chain Barding Armor
38:24 Bloodlines
38:15 Husbandry
40:40 Plate Barding Armor
40:32 Gold Mining
43:37 Hand Cart
44:51 Iron Casting
46:32 Blast Furnace
Connection lost

Rejoining the realm…

Still unreachable

The connection could not be restored.

Session expired

The server has moved on; the page needs a fresh start.